 Dungeon Crawl Stone Soup version 0.23.2-33-g5129a83184 (webtiles) character file.

Game seed: 2663659704088978784

91 Felnil the Magician (level 4, -1/30 HPs)
             Began as a Mummy Summoner on Aug 12, 2019.
             Slain by an orc
             ... wielding a cursed +0 club
              (3 damage)
             ... on level 4 of the Dungeon.
             The game lasted 00:20:22 (10696 turns).

Felnil the Magician (Mummy Summoner)               Turns: 10696, Time: 00:20:23

Health: -1/30      AC:  2    Str: 11    XL:     4   Next: 33%
Magic:  1/11       EV: 12    Int: 15    God:
Gold:   113        SH:  0    Dex: 12    Spells: 5/14 levels left

rFire    . . .     SeeInvis .   k - +0 dagger
rCold    + . .     Gourm    .   (no shield)
rNeg     + + +     Faith    .   a - +0 robe
rPois    ∞         Spirit   .   (no helmet)
rElec    .         Reflect  .   (no cloak)
rCorr    .         Harm     .   (no gloves)
MR       .....                  (no boots)
Stlth    ++........             e - amulet of the acrobat
HPRegen  0.10/turn              d - ring of protection from fire
MPRegen  0.12/turn              m - ring of wizardry (curse)

@: no status effects
A: no food or potions, fire vulnerability, cold resistance 1, negative energy
resistance 3, torment resistance, unbreathing
a: no special abilities


You were on level 4 of the Dungeon.
You were not hungry.

You visited 1 branch of the dungeon, and saw 4 of its levels.

You collected 113 gold pieces.

Inventory:

Hand Weapons
 k - a +0 dagger (weapon)
Armour
 a - a +0 robe (worn)
Jewellery
 d - a ring of protection from fire (left hand)
 e - an amulet of the acrobat (around neck)
 j - an uncursed ring of see invisible
 m - a cursed ring of wizardry (right hand)
Wands
 h - a wand of polymorph (9)
Scrolls
 f - a scroll of remove curse
 g - a scroll of enchant armour


   Skills:
 - Level 1.5 Dodging
 - Level 1.5 Stealth
 + Level 5.8 Spellcasting
 - Level 3.2 Summonings


You had 5 spell levels left.
You knew the following spells:

 Your Spells              Type           Power        Failure   Level  Hunger
a - Summon Small Mammal   Summ           ##..         1%          1    N/A
b - Call Imp              Summ           ##......     2%          2    N/A
c - Summon Guardian Gole  Hex/Summ       #.......     9%          3    N/A
d - Call Canine Familiar  Summ           ##......     4%          3    N/A

Your spell library contained the following spells:

 Spells                   Type           Power        Failure   Level  Hunger
 Summon Ice Beast         Ice/Summ       #.......     28%         4    N/A
 Summon Lightning Spire   Summ/Air       #.......     28%         4    N/A

Dungeon Overview and Level Annotations

Branches:
Dungeon (4/15)             Temple (0/1) D:4

Altars:

Annotations:
D:4 Dowan, Duvessa


Innate Abilities, Weirdness & Mutations

You do not eat or drink.
Your flesh is vulnerable to fire.
You are immune to poison.
Your flesh is cold resistant. (rC+)
You are immune to negative energy. (rN+++)
You are immune to unholy pain and torment.
You can survive without breathing.


Message History

Casting: Summon Small Mammal (safe; 1% risk of failure)
Confirm with . or Enter, or press ? or * to list all spells.
Nothing appears to happen.
The orc misses you.
You closely miss the orc.
The orc is severely wounded.
The orc closely misses you.
You hit the orc but do no damage.
The orc is severely wounded.
The orc closely misses you.
You hit the orc but do no damage.
The orc is severely wounded.
The orc hits you but does no damage.
You hit the orc but do no damage.
The orc is severely wounded.
The orc hits you with a cursed +0 club.
* * * LOW HITPOINT WARNING * * *
You hit the orc but do no damage.
The orc is severely wounded.
The orc hits you with a cursed +0 club.
You die...

*,,,,,****⌠,⌠****,,,,,,,*,,,,,
*,,**,,,,+,>,*,,,,****,*,,,,,,
*,,*******⌠,⌠****,* *,**,****
*,,,* ***+*** *,* *,*,,,,,,
*,*,* ***,*** *** *,*,,****
*,*,* *,* *,*,,* *,*,* *,*
*,*,,* *,*,** ****,### *,*,,*
*,*,,***,**,#@# **,******
*,,,,,,,,,*,#o# *,,,,,,,*
****,***,,*,#o# *,,<,,,,* *,*
*,,*,#l#******,,,,,,,*
*,***,,*,roS,,,*,,,,,,,,,*
*,,**,,*##.##*,*,*,,,,,,,*
**,**,,**...,*,*,*********
*,,*,,,,...,,,,,*
**,*,***###,*,***


You could see an adder, 3 orcs, a leopard gecko and a quokka.

Vanquished Creatures
  An orc (D:3)
  A goblin (D:3)
2 creatures vanquished.

Vanquished Creatures (collateral kills)
  An orc wizard (D:3)
  3 adders
  An ooze (D:2)
  2 worms (D:3)
  A dart slug (D:2)
  2 leopard geckos
  10 orcs
  4 bats
  7 giant cockroaches
  11 goblins
  7 hobgoblins
  3 frilled lizards
  4 kobolds
  A leopard gecko skeleton (D:4)
  6 rats
63 creatures vanquished.

Vanquished Creatures (others)
  An orc wizard (D:3)
1 creature vanquished.

Grand Total: 66 creatures vanquished

Notes
Turn   | Place    | Note
-------+----------+-------------------------------------------
     0 | D:1      | Felnil the Mummy Summoner began the quest for the Orb.
     0 | D:1      | Reached XP level 1. HP: 13/13 MP: 4/4
   725 | D:1      | Reached skill level 3 in Spellcasting
  2024 | D:1      | Reached XP level 2. HP: 19/19 MP: 1/6
  2177 | D:1      | Learned a level 2 spell: Call Imp
  4534 | D:2      | Reached skill level 4 in Spellcasting
  6635 | D:2      | Reached XP level 3. HP: 7/24 MP: 1/9
  7880 | D:3      | Reached skill level 5 in Spellcasting
  9172 | D:3      | Reached XP level 4. HP: 30/30 MP: 1/11
  9998 | D:3      | Learned a level 3 spell: Summon Guardian Golem
 10002 | D:3      | Learned a level 3 spell: Call Canine Familiar
 10627 | D:4      | Noticed Duvessa
 10627 | D:4      | Noticed Dowan
 10696 | D:4      | Slain by an orc

Skill      XL: |  1  2  3 |
---------------+----------+-----
Spellcasting   | 3 4 5 |  5.8
Dodging        | |  1.5
Stealth        | |  1.5
Summonings     | |  3.2

Action                   |  1- 3 |  4- 6 || total
-------------------------+-------+-------++-------
Melee: Unarmed           |    29 |       ||    29
       Dagger            |       |    13 ||    13
 Cast: Summon Small Mamm |    30 |     1 ||    31
       Call Imp          |   110 |    22 ||   132
       Summon Guardian G |       |     4 ||     4
       Call Canine Famil |       |     3 ||     3
  Use: Scroll            |     2 |     7 ||     9
Armor: Robe              |    23 |     3 ||    26
Dodge: Dodged            |    84 |    21 ||   105
